| TOP OF THE 1ST |
|
University of North Carolina at Chapel Hill Tar Heels batting - Pitching for Rice University Owls : LHP Elias Pena
|
|
Pitching: LHP Elias Pena
|
|
|
Batting: RHB David McDonald
|
0-0: Ball 1-0: Ball 2-0: Called Strike 2-1: Ball 3-1: Foul Ball, location: 2F 3-2: Foul Ball, location: 2F 3-2: Base on Balls
|
|
Batting: RHB Aaron Stout
|
0-0: Swinging Strike 0-1: Ball 1-1: Called Strike 1-2: Strikes out swinging
|
|
Batting: LHB Jason Raker
|
0-0: Ball 1-0: Called Strike 1-1: Grounds into double play, 4-6-3 (Groundball, 13, EV 86.2 MPH)
|
| Top of the 1st over - 0 runs, 0 hits, 0 errors, 0 left on base; University of North Carolina at Chapel Hill 0 - Rice University 0 |
| BOTTOM OF THE 1ST |
|
Rice University Owls batting - Pitching for University of North Carolina at Chapel Hill Tar Heels : RHP Josh Reynolds
|
|
Pitching: RHP Josh Reynolds
|
|
|
Batting: RHB Tony Casas
|
0-0: Fly out, F8 (Flyball, 8LS, EV 83.1 MPH)
|
|
Batting: RHB Akichika Yamano
|
0-0: Foul Ball, location: 2F 0-1: Ball 1-1: Called Strike 1-2: Foul Ball, location: 2F 1-2: SOLO HOME RUN (Flyball, 7LD, EV 96.9 MPH), Distance : 375 ft
|
|
Batting: RHB Dave Crouch
|
0-0: Ball 1-0: Ball 2-0: Fly out, F7 (Flyball, 78D, EV 105.0 MPH)
|
|
Batting: RHB Troy Trice
|
0-0: SINGLE (Line Drive, 6MD, EV 95.6 MPH)
|
|
Batting: SHB Justin Towry
|
0-0: Called Strike 0-1: Foul Ball, location: 2F 0-2: Strikes out looking
|
| Bottom of the 1st over - 1 run, 2 hits, 0 errors, 1 left on base; University of North Carolina at Chapel Hill 0 - Rice University 1 |
| TOP OF THE 2ND |
|
University of North Carolina at Chapel Hill Tar Heels batting - Pitching for Rice University Owls : LHP Elias Pena
|
|
Batting: RHB George Boivin
|
0-0: Ball 1-0: Foul Ball, location: 2F 1-1: Ball 2-1: Foul Ball, location: 2F 2-2: Ground out 6-3 (Groundball, 6, EV 89.4 MPH)
|
|
Batting: RHB Sam Daw
|
0-0: Ball 1-0: Ball 2-0: Ball 3-0: Base on Balls
|
|
Batting: RHB Chris Skaff
|
0-0: Called Strike 0-1: Ball 1-1: Swinging Strike 1-2: Ball 2-2: Strikes out swinging
|
|
Batting: RHB Travis Robinson
|
0-0: Foul Ball, location: 2F 0-1: Ball Wild Pitch! Sam Daw to second 1-1: Ball 2-1: 2-RUN HOME RUN (Line Drive, 9D, EV 97.5 MPH), Distance : 378 ft
|
|
Batting: LHB Dave Bertheau
|
0-0: Foul Ball, location: 2F 0-1: Foul Ball, location: 2F 0-2: Strikes out swinging
|
| Top of the 2nd over - 2 runs, 1 hit, 0 errors, 0 left on base; University of North Carolina at Chapel Hill 2 - Rice University 1 |
| BOTTOM OF THE 2ND |
|
Rice University Owls batting - Pitching for University of North Carolina at Chapel Hill Tar Heels : RHP Josh Reynolds
|
|
Batting: RHB Josh Faulconer
|
0-0: Ball 1-0: Ball 2-0: Fly out, F9 (Line Drive, 9D, EV 91.9 MPH)
|
|
Batting: RHB Steve Goodall
|
0-0: Ball 1-0: Ball 2-0: Foul Ball, location: 2F 2-1: Foul Ball, location: 2F 2-2: Ball 3-2: Foul Ball, location: 2F 3-2: Fly out, F8 (Flyball, 8RD, EV 106.9 MPH)
|
|
Batting: LHB Mason Duffy
|
0-0: SOLO HOME RUN (Flyball, 89XD, EV 107.5 MPH), Distance : 432 ft
|
|
Batting: RHB Toshikatsu Omori
|
0-0: Ball 1-0: Swinging Strike 1-1: Ground out 6-3 (Groundball, 6, EV 83.8 MPH)
|
| Bottom of the 2nd over - 1 run, 1 hit, 0 errors, 0 left on base; University of North Carolina at Chapel Hill 2 - Rice University 2 |
| TOP OF THE 3RD |
|
University of North Carolina at Chapel Hill Tar Heels batting - Pitching for Rice University Owls : LHP Elias Pena
|
|
Batting: RHB Norm Wood
|
0-0: Ball 1-0: Foul Ball, location: 2F 1-1: Ball 2-1: Foul Ball, location: 2F 2-2: Strikes out looking
|
|
Batting: RHB David McDonald
|
0-0: Swinging Strike 0-1: Swinging Strike 0-2: Ball 1-2: Strikes out swinging
|
|
Batting: RHB Aaron Stout
|
0-0: Ground out 4-3 (Groundball, 4, EV 79.4 MPH)
|
| Top of the 3rd over - 0 runs, 0 hits, 0 errors, 0 left on base; University of North Carolina at Chapel Hill 2 - Rice University 2 |
| BOTTOM OF THE 3RD |
|
Rice University Owls batting - Pitching for University of North Carolina at Chapel Hill Tar Heels : RHP Josh Reynolds
|
|
Batting: RHB Tony Casas
|
0-0: Fly out, F9 (Flyball, 89XD, EV 86.9 MPH)
|
|
Batting: RHB Akichika Yamano
|
0-0: Bunt for hit to 3S - play at first, batter OUT! 3-4
|
|
Batting: RHB Dave Crouch
|
0-0: Called Strike 0-1: Ball 1-1: Swinging Strike 1-2: Ball 2-2: Ball 3-2: Strikes out looking
|
| Bottom of the 3rd over - 0 runs, 0 hits, 0 errors, 0 left on base; University of North Carolina at Chapel Hill 2 - Rice University 2 |
| TOP OF THE 4TH |
|
University of North Carolina at Chapel Hill Tar Heels batting - Pitching for Rice University Owls : LHP Elias Pena
|
|
Batting: LHB Jason Raker
|
0-0: Ball 1-0: Ground out 4-3 (Groundball, 4, EV 93.8 MPH)
|
|
Batting: RHB George Boivin
|
0-0: Ball 1-0: Called Strike 1-1: Called Strike 1-2: Ball 2-2: Reached on error, E6 (Groundball, 6, EV 79.4 MPH)
|
|
Batting: RHB Sam Daw
|
0-0: Ball 1-0: Ball 2-0: Called Strike 2-1: SINGLE (Flyball, 6MD, EV 86.9 MPH) George Boivin to second
|
|
Batting: RHB Chris Skaff
|
0-0: Foul Ball, location: 2F 0-1: Swinging Strike 0-2: Ball Wild Pitch! George Boivin to third Sam Daw to second 1-2: DOUBLE (Flyball, 78D, EV 106.2 MPH) George Boivin scores Sam Daw scores
|
|
Batting: RHB Travis Robinson
|
0-0: Foul Ball, location: 2F 0-1: Called Strike 0-2: Ball 1-2: Strikes out swinging
|
|
Batting: LHB Dave Bertheau
|
0-0: Fly out, F6 (Line Drive, 6, EV 63.8 MPH)
|
| Top of the 4th over - 2 runs, 2 hits, 1 error, 1 left on base; University of North Carolina at Chapel Hill 4 - Rice University 2 |
| BOTTOM OF THE 4TH |
|
Rice University Owls batting - Pitching for University of North Carolina at Chapel Hill Tar Heels : RHP Josh Reynolds
|
|
Batting: RHB Troy Trice
|
0-0: Ball 1-0: Called Strike 1-1: Ball 2-1: Foul Ball, location: 2F 2-2: Strikes out swinging passed ball, reaches first!
|
|
Batting: SHB Justin Towry
|
0-0: Called Strike 0-1: Ball 1-1: Called Strike 1-2: Ball 2-2: Strikes out swinging
|
|
Batting: RHB Josh Faulconer
|
0-0: Ball 1-0: Called Strike 1-1: 2-RUN HOME RUN (Flyball, 7D, EV 100.0 MPH), Distance : 397 ft
|
|
Batting: RHB Steve Goodall
|
0-0: Ball 1-0: Called Strike 1-1: Ball 2-1: Ground out 6-3 (Groundball, P, EV 79.4 MPH)
|
|
Batting: LHB Mason Duffy
|
0-0: Fly out, F8 (Flyball, 8LM, EV 97.5 MPH)
|
| Bottom of the 4th over - 2 runs, 1 hit, 0 errors, 0 left on base; University of North Carolina at Chapel Hill 4 - Rice University 4 |
| TOP OF THE 5TH |
|
University of North Carolina at Chapel Hill Tar Heels batting - Pitching for Rice University Owls : LHP Elias Pena
|
|
Pitching: RHP Zachariah Cresswell
|
|
|
Batting: RHB Norm Wood
|
0-0: Foul Ball, location: 2F 0-1: Foul Ball, location: 2F 0-2: Ball 1-2: Ball 2-2: Ball 3-2: SINGLE (Groundball, 56, EV 105.6 MPH) (infield hit)
|
|
Batting: RHB David McDonald
|
0-0: Ball 1-0: Called Strike 1-1: Fielders Choice at 2nd, 4-6 (Groundball, 4S, EV 91.2 MPH)
|
|
Batting: RHB Aaron Stout
|
0-0: Called Strike 0-1: Ball 1-1: Ball 2-1: Foul Ball, location: 2F 2-2: Foul Ball, location: 2F 2-2: Foul Ball, location: 2F 2-2: Strikes out swinging
|
|
Batting: LHB Jason Raker
|
0-0: Foul Ball, location: 2F 0-1: Called Strike David McDonald steals 2nd base 0-2: Foul Ball, location: 2F 0-2: DOUBLE (Flyball, 7LD, EV 108.8 MPH) David McDonald scores
|
|
Batting: RHB George Boivin
|
0-0: Called Strike 0-1: Swinging Strike 0-2: SINGLE (Groundball, 56D, EV 108.1 MPH) Jason Raker to third Runner from 3rd tries for Home, SAFE, throw by LF to home
|
|
Batting: RHB Sam Daw
|
0-0: 2-RUN HOME RUN (Flyball, 7D, EV 103.8 MPH), Distance : 404 ft
|
|
Pitching: RHP Javy Hernandez
|
|
|
Batting: RHB Chris Skaff
|
0-0: Ball 1-0: Fly out, F8 (Flyball, 8RXD, EV 92.5 MPH)
|
| Top of the 5th over - 4 runs, 4 hits, 0 errors, 0 left on base; University of North Carolina at Chapel Hill 8 - Rice University 4 |
| BOTTOM OF THE 5TH |
|
Rice University Owls batting - Pitching for University of North Carolina at Chapel Hill Tar Heels : RHP Josh Reynolds
|
|
Pitching: RHP Nate Vandergriff
|
|
|
Batting: RHB Toshikatsu Omori
|
0-0: SINGLE (Groundball, 56S, EV 64.4 MPH) (infield hit)
|
|
Batting: RHB Tony Casas
|
0-0: SINGLE (Groundball, 6MD, EV 96.9 MPH) Toshikatsu Omori to second
|
|
Batting: RHB Akichika Yamano
|
0-0: Grounds into double play, 6-4-3 (Groundball, 6, EV 87.5 MPH) Toshikatsu Omori to third
|
|
Batting: RHB Dave Crouch
|
0-0: Ball 1-0: Ball 2-0: Ball 3-0: Called Strike 3-1: Foul Ball, location: 2F 3-2: Base on Balls
|
|
Batting: RHB Troy Trice
|
0-0: Swinging Strike 0-1: Foul Ball, location: 2F 0-2: Ball 1-2: Strikes out swinging
|
| Bottom of the 5th over - 0 runs, 2 hits, 0 errors, 2 left on base; University of North Carolina at Chapel Hill 8 - Rice University 4 |
| TOP OF THE 6TH |
|
University of North Carolina at Chapel Hill Tar Heels batting - Pitching for Rice University Owls : RHP Javy Hernandez
|
|
Batting: RHB Travis Robinson
|
0-0: Ball 1-0: Swinging Strike 1-1: Ball 2-1: Ball 3-1: Base on Balls
|
|
Batting: LHB Dave Bertheau
|
0-0: Called Strike 0-1: Foul Ball, location: 2F 0-2: Strikes out looking
|
|
Batting: RHB Norm Wood
|
0-0: Called Strike 0-1: Foul Ball, location: 2F 0-2: Ball 1-2: Strikes out swinging
|
|
Pinch Hitting: RHB Akira Kubo
|
0-0: Called Strike 0-1: DOUBLE (Flyball, 89D, EV 94.4 MPH) Travis Robinson to third Runner from 3rd tries for Home, SAFE, throw by RF to trailing runner, SAFE at third!
|
|
Pinch Hitting: RHB Andy Baumhardt
|
0-0: Foul Ball, location: 2F 0-1: Ball 1-1: Called Strike 1-2: Foul Ball, location: 2F 1-2: Ball 2-2: Fly out, F7 (Flyball, 7S, EV 90.6 MPH)
|
| Top of the 6th over - 1 run, 1 hit, 0 errors, 1 left on base; University of North Carolina at Chapel Hill 9 - Rice University 4 |
| BOTTOM OF THE 6TH |
|
Rice University Owls batting - Pitching for University of North Carolina at Chapel Hill Tar Heels : RHP Nate Vandergriff
|
|
Now at 1B: Guo Kwok
|
|
|
Now at 2B: Carlos Almada
|
|
|
Batting: SHB Justin Towry
|
0-0: Ball 1-0: Ball 2-0: Called Strike 2-1: Foul Ball, location: 2F 2-2: SINGLE (Line Drive, 78S, EV 91.9 MPH)
|
|
Batting: RHB Josh Faulconer
|
0-0: Called Strike 0-1: Ball 1-1: Ball 2-1: Swinging Strike 2-2: Ball 3-2: Strikes out swinging Justin Towry is caught stealing 2nd base 2-4 Batter strikes out.
|
|
Batting: RHB Steve Goodall
|
0-0: Foul Ball, location: 2F 0-1: Called Strike 0-2: Ball 1-2: Strikes out swinging
|
| Bottom of the 6th over - 0 runs, 1 hit, 0 errors, 0 left on base; University of North Carolina at Chapel Hill 9 - Rice University 4 |
| TOP OF THE 7TH |
|
University of North Carolina at Chapel Hill Tar Heels batting - Pitching for Rice University Owls : RHP Javy Hernandez
|
|
Pinch Hitting: RHB Jonathan Livingston
|
0-0: Foul Ball, location: 2F 0-1: Called Strike 0-2: Strikes out swinging
|
|
Batting: LHB Edgar Ortiz
|
0-0: Called Strike 0-1: Foul Ball, location: 2F 0-2: Foul Ball, location: 2F 0-2: Ball 1-2: Foul Ball, location: 2F 1-2: Ball 2-2: Ground out U3 (Groundball, 34, EV 85.0 MPH)
|
|
Pitching: LHP Jin-song Lim
|
|
|
Batting: RHB Sam Daw
|
0-0: Ball 1-0: Foul Ball, location: 2F 1-1: Ball 2-1: Foul Ball, location: 2F 2-2: Ball 3-2: Foul Ball, location: 2F 3-2: Base on Balls
|
|
Batting: RHB Chris Skaff
|
0-0: Swinging Strike 0-1: Ball 1-1: Foul Ball, location: 2F 1-2: Foul Ball, location: 2F 1-2: Ball 2-2: Foul Ball, location: 2F 2-2: Strikes out swinging
|
| Top of the 7th over - 0 runs, 0 hits, 0 errors, 1 left on base; University of North Carolina at Chapel Hill 9 - Rice University 4 |
| BOTTOM OF THE 7TH |
|
Rice University Owls batting - Pitching for University of North Carolina at Chapel Hill Tar Heels : RHP Nate Vandergriff
|
|
Now in LF: Mike Kirkland
|
|
|
Batting: LHB Mason Duffy
|
0-0: Fly out, F2 (Popup, 25F, EV 84.4 MPH)
|
|
Batting: RHB Toshikatsu Omori
|
0-0: Ball 1-0: Ground out 4-3 (Groundball, 34, EV 86.9 MPH)
|
|
Pinch Hitting: LHB Dominique Lecoq
|
0-0: Called Strike 0-1: Ball 1-1: Ground out 6-3 (Groundball, 6, EV 85.0 MPH)
|
| Bottom of the 7th over - 0 runs, 0 hits, 0 errors, 0 left on base; University of North Carolina at Chapel Hill 9 - Rice University 4 |
| TOP OF THE 8TH |
|
University of North Carolina at Chapel Hill Tar Heels batting - Pitching for Rice University Owls : LHP Jin-song Lim
|
|
Now at SS: Dominique Lecoq
|
|
|
Batting: RHB Travis Robinson
|
0-0: Called Strike 0-1: Swinging Strike 0-2: Ball 1-2: Foul Ball, location: 2F 1-2: Strikes out looking
|
|
Batting: LHB Dave Bertheau
|
0-0: Called Strike 0-1: Foul Ball, location: 2F 0-2: Ball 1-2: Fly out, F8 (Flyball, 8LM, EV 75.6 MPH)
|
|
Batting: RHB Norm Wood
|
0-0: Foul Ball, location: 2F 0-1: Fly out, F6 (Popup, 4MS, EV 81.9 MPH)
|
| Top of the 8th over - 0 runs, 0 hits, 0 errors, 0 left on base; University of North Carolina at Chapel Hill 9 - Rice University 4 |
| BOTTOM OF THE 8TH |
|
Rice University Owls batting - Pitching for University of North Carolina at Chapel Hill Tar Heels : RHP Nate Vandergriff
|
|
Pinch Hitting: RHB Roberto Aispuro
|
0-0: Swinging Strike 0-1: SINGLE (Line Drive, 34D, EV 98.1 MPH)
|
|
Batting: RHB Dave Crouch
|
0-0: Called Strike 0-1: Foul Ball, location: 2F 0-2: Ball 1-2: Ball 2-2: 2-RUN HOME RUN (Flyball, 7LD, EV 97.5 MPH), Distance : 369 ft
|
|
Batting: RHB Jonas Fernandez
|
0-0: Fly out, F8 (Flyball, 8RD, EV 93.1 MPH)
|
|
Batting: SHB Justin Towry
|
0-0: Foul Ball, location: 2F 0-1: Foul Ball, location: 2F 0-2: Ball 1-2: Ball 2-2: Ball 3-2: Strikes out swinging
|
|
Pitching: RHP Joe Morse
|
|
|
Batting: RHB Josh Faulconer
|
0-0: Ball 1-0: Ball 2-0: Ball 3-0: Called Strike 3-1: Foul Ball, location: 2F 3-2: SOLO HOME RUN (Flyball, 7D, EV 111.9 MPH), Distance : 415 ft
|
|
Pinch Hitting: RHB Tony Beaumond
|
0-0: DOUBLE (Flyball, 78XD, EV 113.1 MPH)
|
|
Batting: LHB Mason Duffy
|
0-0: Swinging Strike 0-1: Foul Ball, location: 2F 0-2: Foul Ball, location: 2F 0-2: Ball 1-2: Ball 2-2: Strikes out swinging
|
| Bottom of the 8th over - 3 runs, 4 hits, 0 errors, 1 left on base; University of North Carolina at Chapel Hill 9 - Rice University 7 |
| TOP OF THE 9TH |
|
University of North Carolina at Chapel Hill Tar Heels batting - Pitching for Rice University Owls : LHP Jin-song Lim
|
|
Pitching: RHP Luis Castruita
|
|
|
Now at 3B: Tony Beaumond
|
|
|
Now in CF: Roberto Aispuro
|
|
|
Now in RF: Mason Duffy
|
|
|
Batting: RHB Carlos Almada
|
0-0: Ball 1-0: Ball 2-0: Ball 3-0: Called Strike 3-1: Foul Ball, location: 2F 3-2: Strikes out looking
|
|
Batting: RHB Guo Kwok
|
0-0: Ball 1-0: Foul Ball, location: 2F 1-1: Ball 2-1: Ball 3-1: Called Strike 3-2: Base on Balls
|
|
Batting: RHB Mike Kirkland
|
0-0: Ball 1-0: Called Strike 1-1: Foul Ball, location: 2F 1-2: Foul Ball, location: 2F 1-2: Ball 2-2: Strikes out swinging
|
|
Batting: LHB Edgar Ortiz
|
0-0: Ground out 6-3 (Groundball, 4MS, EV 90.0 MPH)
|
| Top of the 9th over - 0 runs, 0 hits, 0 errors, 1 left on base; University of North Carolina at Chapel Hill 9 - Rice University 7 |
| BOTTOM OF THE 9TH |
|
Rice University Owls batting - Pitching for University of North Carolina at Chapel Hill Tar Heels : RHP Joe Morse
|
|
Pitching: LHP Ken Dewey
|
|
|
Batting: RHB Toshikatsu Omori
|
0-0: Called Strike 0-1: Swinging Strike 0-2: Strikes out swinging
|
|
Pinch Hitting: RHB Logan Johnson
|
0-0: Swinging Strike 0-1: Ball 1-1: Called Strike 1-2: Foul Ball, location: 2F 1-2: Foul Ball, location: 2F 1-2: Strikes out looking
|
|
Batting: RHB Roberto Aispuro
|
0-0: Foul Ball, location: 2F 0-1: Called Strike 0-2: Ball 1-2: Foul Ball, location: 2F 1-2: Foul Ball, location: 2F 1-2: Foul Ball, location: 2F 1-2: Ground out 5-3 (Groundball, 25, EV 86.9 MPH)
|
| Bottom of the 9th over - 0 runs, 0 hits, 0 errors, 0 left on base; University of North Carolina at Chapel Hill 9 - Rice University 7 |
|